 Dungeon Crawl Stone Soup version 0.31.0-9-g3a7656b989 (webtiles) character file.

Game seed: 13411258749904258533

1677 Kass the Fighter (level 9, -5/110 HPs)
             Began as an Oni Berserker on Jan 30, 2024.
             Was a Priest of Trog.
             Slain by a gnoll sergeant
             ... wielding a +2 trident of freezing
              (10 damage)
             ... on level 8 of the Dungeon.
             The game lasted 00:12:54 (7612 turns).

Kass the Fighter (Oni Berserker)                    Turns: 7612, Time: 00:12:54

Health: -5/110     AC:  5    Str: 27    XL:     9   Next: 1%
Magic:  9/9        EV: 10    Int:  8    God:    Trog [***...]
Gold:   283        SH:  0    Dex:  8    Spells: 8/8 levels left

rFire   . . .        s - +4 dire flail (protect)
rCold   . . .        (shield currently unavailable)
rNeg    . . .        t - +1 robe {Will+}
rPois   .            (helmet restricted)
rElec   .            B - +0 cloak
rCorr   .            (gloves unavailable)
SInv    .            (boots unavailable)
Will    +++..        (no amulet)
Stlth   +            (no ring)
HPRegen 1.38/turn    (no ring)
MPRegen 0.11/turn

%: no passive effects
@: strong-willed, regenerating
A: large, unfitting armour, horns 1, tough skin 1, double potion healing,
drunken brawling
a: Renounce Religion, Berserk, Trog's Hand


You were on level 8 of the Dungeon.
You worshipped Trog.
Trog was most pleased with you.
You visited 1 branch of the dungeon, and saw 8 of its levels.

You collected 390 gold pieces.
You spent 107 gold pieces at shops.

Inventory:

Hand Weapons
 a - a +0 spear
 s - a +4 dire flail of protection (weapon)
Missiles
 o - 3 javelins (quivered)
 r - 4 boomerangs
Armour
 b - a +0 animal skin
 t - a +1 robe of willpower (worn)
 B - a +0 cloak (worn)
Jewellery
 k - the Hermit's Pendant {Faith Invo=14 Evo=0 MP+5}
   (You found it on level 2 of the Dungeon)

   [amulet of faith]

   Invo=14: It sets your Invocations skill to 14.
   Evo=0: It sets your Evocations skill to 0.
   Faith:     It allows you to gain divine favour quickly.
   MP+5:      It affects your magic capacity (+5).
 w - a +5 ring of evasion
Wands
 A - a wand of flame (7)
Scrolls
 e - 5 scrolls of enchant armour {unknown}
 f - 12 scrolls of identify
 j - 5 scrolls of teleportation
 m - 2 scrolls of blinking {unknown}
 n - a scroll of torment {unknown}
 u - 2 scrolls of immolation {unknown}
 y - a scroll of fear {unknown}
 z - a scroll of brand weapon {unknown}
Potions
 c - 2 potions of attraction {unknown}
 d - a potion of haste {unknown}
 g - 2 potions of invisibility {unknown}
 h - 2 potions of curing
 i - a potion of lignification {unknown}
 l - a potion of degeneration {unknown}
 p - a potion of mutation {unknown}
 q - 2 potions of might {unknown}
 v - 3 potions of heal wounds {unknown}
 x - 2 potions of resistance {unknown}


   Skills:
 + Level 13.4 Fighting
 - Level 3.0 Polearms
 + Level 5.2 Dodging


You had 8 spell levels left.
You didn't know any spells.
Your spell library was empty.

Dungeon Overview and Level Annotations

Branches:
Dungeon (8/15)             Temple (0/1) D:6
   Lair: D:8-11

Altars:
Elyvilon
Gozag
Hepliaklqana
Kikubaaqudgha
Uskayaw
Yredelemnul

Shops:
D:2 !   D:3 ?((

Annotations:
D:6 3 runed translucent doors, Bnni's ghost, novice VSFi


Innate Abilities, Weirdness & Mutations

You are too large for most types of armour.
You have a pair of small horns on your head.
You have tough skin. (AC +1)
You gain doubled healing and magic from potions.
Whenever you drink a healing potion, you attack all around you.


Message History

The gnoll sergeant hits you with a +2 trident of freezing!
The gnoll sergeant freezes you. The gnoll misses you.
You barely miss the gnoll sergeant.
The gnoll sergeant hits you with a +2 trident of freezing!
The gnoll sergeant freezes you. The gnoll misses you.
The gnoll sergeant blocks your attack.
The gnoll sergeant hits you with a +2 trident of freezing.
The gnoll sergeant freezes you. The gnoll barely misses you.
The gnoll sergeant hits you with a +2 trident of freezing!
The gnoll sergeant freezes you. The gnoll sergeant barely misses you.
The gnoll sergeant attacks as it pursues you!
The gnoll sergeant hits you from afar with a +2 trident of freezing!
The gnoll sergeant freezes you.
The gnoll sergeant attacks as it pursues you!
The gnoll sergeant hits you from afar with a +2 trident of freezing.
The gnoll sergeant freezes you.
The gnoll sergeant attacks as it pursues you!
The gnoll sergeant hits you from afar with a +2 trident of freezing!
* * * LOW HITPOINT WARNING * * *
The gnoll sergeant freezes you!
* * * LOW HITPOINT WARNING * * *
The gnoll sergeant attacks as it pursues you!
The gnoll sergeant hits you from afar with a +2 trident of freezing.
* * * LOW HITPOINT WARNING * * *
The gnoll sergeant freezes you.
* * * LOW HITPOINT WARNING * * *
The gnoll sergeant attacks as it pursues you!
The gnoll sergeant closely misses you.
The gnoll sergeant attacks as it pursues you!
The gnoll sergeant hits you from afar with a +2 trident of freezing!
* * * LOW HITPOINT WARNING * * *
The gnoll sergeant freezes you.
* * * LOW HITPOINT WARNING * * *
Your skin crawls.
You feel strong-willed.
The gnoll sergeant hits you but does no damage.
The gnoll sergeant attacks as it pursues you!
The gnoll sergeant hits you from afar with a +2 trident of freezing!
You die...

#.# #.# #.# ### ###.#########.#
##..............
###.....########.# .........# #.#
###.....## #.# ####.## #@# ###
#.# #.# #.. #.# #g# #.# ##+## #.#
#.# ##...## ##g############.###
##.....## #..g.....#........#
##.......## ##...####.#.####...#
##...(.....###.....###.#.####...#
.'.........'..........g.g........


You could see a gnoll sergeant and 2 gnolls.

Vanquished Creatures
  Sigmund (D:5)
  Edmund (D:5)
  A water moccasin (D:6)
  An ice beast (D:5)
  A black bear (D:6)
  2 ogres
  2 bullfrogs
  3 scorpions
  A bombardier beetle (D:5)
  A jelly (D:4)
  A hound (D:7)
  An orc priest (D:6)
  6 iguanas
  2 sleepcaps
  3 orc wizards (D:6)
  10 adders
  A white imp (D:6)
  2 ribbon worms
  3 dart slugs
  18 orcs
  4 ball pythons
  10 endoplasms
  4 giant cockroaches
  10 goblins
  11 hobgoblins
  6 jackals
  10 kobolds
  A quokka (D:3)
  7 bats
  5 frilled lizards
  6 rats
135 creatures vanquished.

Vanquished Creatures (others)
  A kobold brigand (D:7)
  A kobold (D:7)
2 creatures vanquished.

Grand Total: 137 creatures vanquished

Notes
Turn   | Place    | Note
-------+----------+-------------------------------------------
     0 | D:1      | Kass the Oni Berserker began the quest for the Orb.
     0 | D:1      | Reached XP level 1. HP: 24/24 MP: 1/1
    79 | D:1      | Reached XP level 2. HP: 33/33 MP: 2/2
   135 | D:1      | Reached skill level 5 in Fighting
   221 | D:1      | Reached XP level 3. HP: 17/42 MP: 3/3
   385 | D:1      | Reached ** piety under Trog
   791 | D:2      | Reached skill level 6 in Fighting
  1084 | D:2      | Reached XP level 4. HP: 7/53 MP: 4/4
  1442 | D:2      | Found the Hermit's Pendant {Faith Invo=14 Evo=0 MP+5}
  1603 | D:2      | Found Vapsyodu's Distillery.
  1611 | D:2      | Bought a potion of curing for 42 gold pieces
  1854 | D:3      | Found Boub's Magic Scroll Shop.
  1878 | D:3      | Bought a scroll of teleportation for 39 gold pieces
  1878 | D:3      | Bought a scroll of identify for 26 gold pieces
  2062 | D:3      | Reached skill level 7 in Fighting
  2099 | D:3      | Reached XP level 5. HP: 54/62 MP: 5/5
  2590 | D:3      | Found Betrel's Antique Weapon Shop.
  2627 | D:3      | Found Binkol's Weapon Shop.
  2686 | D:3      | Reached *** piety under Trog
  2943 | D:4      | Reached skill level 8 in Fighting
  3521 | D:4      | Reached XP level 6. HP: 48/74 MP: 6/6
  3893 | D:4      | Reached skill level 9 in Fighting
  3928 | D:4      | Found a basalt altar of Yredelemnul.
  3930 | D:4      | Found a hide-covered altar of Uskayaw.
  4228 | D:5      | Entered Level 5 of the Dungeon
  4357 | D:5      | Noticed Edmund
  4367 | D:5      | Killed Edmund
  4368 | D:5      | Reached skill level 10 in Fighting
  4368 | D:5      | Reached XP level 7. HP: 55/85 MP: 7/7
  4601 | D:5      | Noticed Sigmund
  4608 | D:5      | Killed Sigmund
  4609 | D:5      | Reached skill level 11 in Fighting
  4663 | D:5      | You fall into a shaft and drop 1 floor!
  4663 | D:6      | Found a staircase to the Ecumenical Temple.
  5064 | D:5      | Reached skill level 12 in Fighting
  5064 | D:5      | Reached XP level 8. HP: 59/98 MP: 8/8
  5297 | D:6      | Found a hazy altar of Hepliaklqana.
  5520 | D:6      | Found an ancient bone altar of Kikubaaqudgha.
  5843 | D:6      | Found a white marble altar of Elyvilon.
  5893 | D:6      | Found an opulent altar of Gozag.
  6224 | D:6      | Found a runed translucent gate.
  6224 | D:6      | Found a runed translucent gate.
  6224 | D:6      | Found a runed translucent gate.
  6227 | D:6      | Noticed Bnni's ghost (novice VSFi)
  6344 | D:6      | Reached skill level 13 in Fighting
  7270 | D:7      | Reached skill level 5 in Dodging
  7431 | D:8      | Reached XP level 9. HP: 90/110 MP: 9/9
  7610 | D:8      | HP: 5/110 [gnoll sergeant/+2 trident of freezing (8)]
  7610 | D:8      | HP: 2/110 [gnoll sergeant/+2 trident of freezing (3)]
  7612 | D:8      | Slain by a gnoll sergeant

Illustrated notes

Levels and vault maps discovered:
D:1:      saegor_arrival_simple_e, layout_basic
D:2:      layout_loops_ring, serial_shops, nicolae_shop_industrial_runoff,
          minmay_diced_spiral
D:3:      layout_loops_ring, serial_shops, nicolae_shop_crystal, shop, shop,
          solitary_fountain, chequers_serial_rivers_small_3
D:4:      layout_basic, chequers_temple_overflow_statue_of_worship
D:5:      layout_loops_ring, corner_web_ring, uniq_edmund, uniq_sigmund
D:6:      layout_basic, nicolae_overflow_quartered_altars, temple_fountains,
          biasface_ghost_orc_armoury
D:7:      layout_basic, kennysheep_another_room, lemuel_flamethrower_1
D:8:      layout_loops_corners, grunt_ministairs_11

Skill      XL: |  1  2  3  4  5  6  7  8 |
---------------+-------------------------+-----
Fighting       | 5 6 7 8 10 12 13 | 13.4
Dodging        | 5 |  5.2
Polearms       | |  3.0

Action                     |  1- 3 |  4- 6 |  7- 9 || total
---------------------------+-------+-------+-------++-------
  Melee: Spear             |   165 |   226 |       ||   391
         Headbutt          |    18 |    33 |    16 ||    67
         Punch             |     1 |     1 |       ||     2
         Dire flail        |       |       |   121 ||   121
  Throw: Javelin           |       |     2 |     5 ||     7
 Invoke: Berserk           |       |     2 |       ||     2
         Trog's Hand       |       |       |     1 ||     1
   Stab: Sleeping          |     1 |     3 |       ||     4
 Armour: Animal skin       |    79 |   107 |    15 ||   201
         Robe              |       |       |   102 ||   102
  Dodge: Dodged            |    64 |    79 |    80 ||   223
